Wolves vs Carnivores
(R1)
Created - 3 janvier 2013 at 23:08
Goals
|
| Wolves |
2 |
2 |
2 |
6 |
| Carnivores |
0 |
2 |
1 |
3 |
|
Shots
|
| Wolves |
12 |
15 |
7 |
34 |
| Carnivores |
10 |
8 |
12 |
30 |
|
1st period
1. Wolves , Alexander Perezhogin 17 (Mike Zigomanis, Vyacheslav Kozlov) at 8:16
2. Wolves , Mike Zigomanis 10 (Alexander Perezhogin) at 16:50
Penalties :
Matt Gilroy (Min) for Interference (Minor) at 0:35, Matt Gilroy (Min) for Interference (Minor) at 10:33
2nd period
3. Wolves , Jason King 4 (Ethan Moreau, Alexander Perezhogin) at 11:47
4. Wolves , Matt Gilroy 1 (Vyacheslav Kozlov, Mike Zigomanis) at 13:00
5. Carnivores , Matt Cullen 10 (David Van Der Gulik, Manny Malhotra) at 16:45
6. Carnivores , Ryan Mcdonagh 2 (Matt Cullen, Richard Park) at 17:57 (PP)
Penalties :
Marc Methot (Min) for High sticking (Minor) at 6:49, Philippe Boucher (Min) for Holding (Minor) at 17:49
3rd period
7. Wolves , Jason King 5 (Ethan Moreau) at 3:27
8. Carnivores , Brandon Yip 5 (Jeff Halpern, Janne Niinimaa) at 4:29
9. Wolves , Jason King 6 (Chris Neil, Marc Methot) at 12:04 (SH)
Penalties :
Keith Aulie (Bre) for Goalie Interference (Minor) at 8:34, Kevin Veilleux (Min) for Tripping (Minor) at 11:20, Marc-André Gragnani (Min) for Hooking (Minor) at 17:02
Goalie Stats
Julien Ellis (Min), 27 saves from 30 shots - (0,900), W, 8-5-1, 60:00 minutes
Josh Tordjman (Bre), 28 saves from 34 shots - (0,824), L, 10-6-1, 60:00 minutes
Players Stats for Wolves
Player Name G A P +/- PIM S H SB GA TA FO MP PP MP PK MP
------------------------------------------------------------------------------------
Alexander Perezhogin 1 2 3 2 0 6 1 1 0 0 0/0 18:38 0:59 0:00
Chris Neil 0 1 1 0 0 1 3 0 1 0 7/11 19:23 0:54 5:39
Cody McLeod 0 0 0 0 0 1 1 0 0 0 0/1 10:02 0:06 1:12
Ethan Moreau 0 2 2 2 0 2 1 0 0 0 0/0 13:31 0:59 3:23
Geoff Sanderson 0 0 0 -1 0 5 0 0 1 1 1/1 13:44 0:54 0:00
Jason King 3 0 3 3 0 5 0 2 2 0 0/0 14:44 0:06 5:54
Jonas Junland 0 0 0 2 0 1 0 0 0 1 0/0 14:06 0:00 3:11
Kevin Veilleux 0 0 0 -1 2 0 1 1 0 0 5/13 13:10 0:00 0:00
Marc Methot 0 1 1 3 2 1 2 1 0 1 0/0 22:05 0:49 5:25
Marc-André Gragnani 0 0 0 2 2 0 1 0 2 0 0/0 13:52 0:00 2:36
Matt Gilroy 1 0 1 3 4 1 1 0 0 0 0/0 19:10 0:49 3:36
Mike Zigomanis 1 2 3 2 0 2 2 0 0 1 17/28 19:58 0:54 1:01
Milan Bartovic 0 0 0 0 0 3 2 1 1 0 1/2 10:54 0:00 2:57
Petr Kalus 0 0 0 2 0 0 0 0 0 0 3/5 8:47 0:06 0:00
Philippe Boucher 0 0 0 -1 2 2 0 2 0 1 0/0 23:31 1:10 0:41
Stefan Chaput 0 0 0 0 0 0 0 0 0 0 1/3 7:55 0:00 0:00
Vyacheslav Kozlov 0 2 2 2 0 3 2 1 1 0 1/2 18:38 0:59 0:00
Willie Mitchell 0 0 0 -1 0 1 0 3 1 2 0/0 27:43 1:10 4:37
Players Stats for Carnivores
Player Name G A P +/- PIM S H SB GA TA FO MP PP MP PK MP
------------------------------------------------------------------------------------
Alexei Zhitnik 0 0 0 -1 0 1 0 2 1 1 0/0 21:58 3:58 0:47
Andrew Ference 0 0 0 -1 0 2 2 1 0 2 0/0 21:58 3:58 0:47
Andy Miele 0 0 0 0 0 1 0 0 2 0 0/0 13:17 0:47 0:00
Blake Geoffrion 0 0 0 0 0 1 4 0 0 1 0/0 11:06 0:00 0:00
Brandon Yip 1 0 1 -1 0 3 2 0 0 0 0/1 19:16 3:34 0:00
Cal O'Reilly 0 0 0 -1 0 0 0 0 0 0 2/3 6:32 0:00 0:07
David Van Der Gulik 0 1 1 -1 0 1 1 0 0 1 0/0 7:56 0:47 0:00
Evgeny Dadonov 0 0 0 0 0 0 0 0 0 0 0/0 1:14 0:47 0:00
Janne Niinimaa 0 1 1 -2 0 3 0 2 0 0 0/0 26:06 6:05 1:12
Jeff Friesen 0 0 0 -3 0 3 1 0 1 0 1/3 21:25 5:42 0:45
Jeff Halpern 0 1 1 -1 0 4 4 0 1 1 8/15 19:16 3:34 0:00
Jeff Tambellini 0 0 0 -1 0 0 3 0 0 0 0/0 19:47 3:34 0:31
Josef Melichar 0 0 0 -1 0 1 1 0 0 0 0/0 11:56 0:00 0:00
Keith Aulie 0 0 0 -1 2 1 1 0 0 0 0/0 11:55 0:00 0:00
Kyle Wilson 0 0 0 0 0 0 0 0 0 0 0/0 0:00 0:00 0:00
Manny Malhotra 0 1 1 0 0 0 1 0 0 0 1/7 11:38 0:00 0:32
Matt Cullen 1 1 2 -2 0 6 2 1 0 1 16/35 25:18 5:42 0:56
Mikael Backlund 0 0 0 0 0 0 0 0 0 0 0/0 0:00 0:00 0:00
Richard Park 0 1 1 -2 0 1 1 1 0 1 2/2 21:16 5:42 1:07
Ryan Mcdonagh 1 0 1 -2 0 2 0 2 2 1 0/0 26:06 6:05 1:12
Tim Conboy 0 0 0 0 0 0 0 0 0 0 0/0 0:00 0:00 0:00
3 Stars
1 - Jason King (Min)
2 - Mike Zigomanis (Min)
3 - Alexander Perezhogin (Min)
Power Play
Wolves - 0 on 1 Attempt(s) - 0,00%
Carnivores - 1 on 6 Attempt(s) - 16,67%
Penalty Kill
Wolves - 5 on 6 Attempt(s) - 83,33%
- Score 1 goal in Penalty Kill
Carnivores - 1 on 1 Attempt(s) - 100,00%
- Score 0 goal in Penalty Kill
Official
Referees : Auger Stephane and Walkom Stephen
Linesman : Michel Cormier and Lyle Seitz
Game Notes
Jason King has scored a Hat Trick!
Wolves
5 vs 5 Forward
Center Left Wing Right Wing Time % Phy DF OF
1 Mike Zigomanis Vyacheslav Kozlov Alexander Perezhogin 40 1 0 4
2 Kevin Veilleux Geoff Sanderson Chris Neil 30 1 1 3
3 Petr Kalus Ethan Moreau Jason King 20 1 3 1
4 Stefan Chaput Cody McLeod Milan Bartovic 10 2 2 1
5 vs 5 Defense
Defense Defense Time % Phy DF OF
1 Willie Mitchell Philippe Boucher 40 1 3 1
2 Matt Gilroy Marc Methot 30 1 3 1
3 Jonas Junland Marc-André Gragnani 20 2 2 1
4 Philippe Boucher Willie Mitchell 10 1 3 1
PowerPlay Forward
Center Left Wing Right Wing Time % Phy DF OF
1 Ethan Moreau Vyacheslav Kozlov Alexander Perezhogin 60 0 0 5
2 Mike Zigomanis Geoff Sanderson Chris Neil 40 0 0 5
PowerPlay Defense
Defense Defense Time % Phy DF OF
1 Willie Mitchell Philippe Boucher 60 0 1 4
2 Matt Gilroy Marc Methot 40 0 1 4
Penalty Kill 4 Players Forward
Center Wing Time % Phy DF OF
1 Chris Neil Jason King 60 1 3 1
2 Milan Bartovic Ethan Moreau 40 1 3 1
Penalty Kill 4 Players Defense
Defense Defense Time % Phy DF OF
1 Matt Gilroy Marc Methot 60 2 3 0
2 Marc-André Gragnani Jonas Junland 40 2 3 0
Penalty Kill - 3 Players Forward
Forward Time % Phy DF OF
1 Ethan Moreau 60 2 3 0
2 Milan Bartovic 40 2 3 0
Penalty Kill - 3 Players Defense
Defense Defense Time % Phy DF OF
1 Matt Gilroy Marc Methot 60 3 2 0
2 Jonas Junland Marc-André Gragnani 40 3 2 0
4 vs 4 Forward
Center Wing Time % Phy DF OF
1 Alexander Perezhogin Vyacheslav Kozlov 60 1 1 3
2 Geoff Sanderson Chris Neil 40 1 1 3
4 vs 4 Defense
Defense Defense Time % Phy DF OF
1 Willie Mitchell Philippe Boucher 60 2 2 1
2 Matt Gilroy Marc Methot 40 2 2 1
Last Minutes Offensive
Center Left Wing Right Wing Defense Defense
Geoff Sanderson Vyacheslav Kozlov Alexander Perezhogin Willie Mitchell Philippe Boucher
Last Minutes Defensive
Center Left Wing Right Wing Defense Defense
Mike Zigomanis Ethan Moreau Chris Neil Willie Mitchell Matt Gilroy
Goaltenders
Starting : Julien Ellis
Backup : Loïc Lacasse
Extra Forwards
Normal : Alexander Perezhogin, Geoff Sanderson, Vyacheslav Kozlov - PP : Alexander Perezhogin, Geoff Sanderson - PK : Ethan Moreau
Extra Defensemen
Normal : Philippe Boucher, Willie Mitchell, Matt Gilroy - PP : Philippe Boucher - PK : Willie Mitchell, Matt Gilroy
Penalty Shots
Chris Neil, Vyacheslav Kozlov, Geoff Sanderson, Ethan Moreau, Milan Bartovic
Carnivores
5 vs 5 Forward
Center Left Wing Right Wing Time % Phy DF OF
1 Matt Cullen Jeff Friesen Richard Park 40 1 2 2
2 Jeff Halpern Jeff Tambellini Brandon Yip 30 1 2 2
3 Manny Malhotra Blake Geoffrion Andy Miele 20 1 2 2
4 Cal O'Reilly Matt Cullen David Van Der Gulik 10 1 2 2
5 vs 5 Defense
Defense Defense Time % Phy DF OF
1 Janne Niinimaa Ryan Mcdonagh 40 1 2 2
2 Alexei Zhitnik Andrew Ference 30 1 2 2
3 Josef Melichar Keith Aulie 20 1 2 2
4 Janne Niinimaa Ryan Mcdonagh 10 1 2 2
PowerPlay Forward
Center Left Wing Right Wing Time % Phy DF OF
1 Matt Cullen Jeff Friesen Richard Park 60 1 2 2
2 Jeff Halpern Jeff Tambellini Brandon Yip 40 1 2 2
PowerPlay Defense
Defense Defense Time % Phy DF OF
1 Janne Niinimaa Ryan Mcdonagh 60 1 2 2
2 Alexei Zhitnik Andrew Ference 40 1 2 2
Penalty Kill 4 Players Forward
Center Wing Time % Phy DF OF
1 Matt Cullen Richard Park 60 1 2 2
2 Jeff Friesen Jeff Tambellini 40 1 2 2
Penalty Kill 4 Players Defense
Defense Defense Time % Phy DF OF
1 Janne Niinimaa Ryan Mcdonagh 60 1 2 2
2 Alexei Zhitnik Andrew Ference 40 1 2 2
Penalty Kill - 3 Players Forward
Forward Time % Phy DF OF
1 Matt Cullen 60 1 2 2
2 Richard Park 40 1 2 2
Penalty Kill - 3 Players Defense
Defense Defense Time % Phy DF OF
1 Janne Niinimaa Ryan Mcdonagh 60 1 2 2
2 Alexei Zhitnik Andrew Ference 40 1 2 2
4 vs 4 Forward
Center Wing Time % Phy DF OF
1 Matt Cullen Richard Park 60 1 2 2
2 Jeff Friesen Jeff Tambellini 40 1 2 2
4 vs 4 Defense
Defense Defense Time % Phy DF OF
1 Janne Niinimaa Ryan Mcdonagh 60 1 2 2
2 Alexei Zhitnik Andrew Ference 40 1 2 2
Last Minutes Offensive
Center Left Wing Right Wing Defense Defense
Matt Cullen Jeff Friesen Richard Park Janne Niinimaa Ryan Mcdonagh
Last Minutes Defensive
Center Left Wing Right Wing Defense Defense
Matt Cullen Jeff Friesen Richard Park Janne Niinimaa Ryan Mcdonagh
Goaltenders
Starting : Josh Tordjman
Backup : Steve Mason
Extra Forwards
Normal : Andy Miele, David Van Der Gulik, Manny Malhotra - PP : Andy Miele, David Van Der Gulik - PK : Manny Malhotra
Extra Defensemen
Normal : Josef Melichar, Keith Aulie, Alexei Zhitnik - PP : Josef Melichar - PK : Keith Aulie, Alexei Zhitnik
Penalty Shots
Matt Cullen, Richard Park, Jeff Friesen, Jeff Tambellini, Jeff Halpern
% Time on Ice - Wolves
Lines # - Real PCT - Wanted PCT - Time Play
Normal Forward
1 - 39% - 40% - 18:31
2 - 27% - 30% - 12:52
3 - 18% - 20% - 8:40
4 - 17% - 10% - 7:55
Normal Defense
1 - 41% - 40% - 19:49
2 - 33% - 30% - 15:43
3 - 21% - 20% - 10:07
4 - 5% - 10% - 2:19
PP Forward
1 - 55% - 60% - 1:05
2 - 45% - 40% - 0:54
PP Defense
1 - 59% - 60% - 1:10
2 - 41% - 40% - 0:49
PK Forward
1 - 71% - 60% - 7:06
2 - 29% - 40% - 2:57
PK Defense
1 - 68% - 60% - 6:52
2 - 32% - 40% - 3:11
PK3 Forward
1 - 0% - 60%
2 - 0% - 40%
PK3 Defense
1 - 0% - 60%
2 - 0% - 40%
44 Forward
1 - 0% - 60%
2 - 0% - 40%
44 Defense
1 - 0% - 60%
2 - 0% - 40%
Last Minute Offensive - 0:00
Last Minute Defensive - 0:00
Total
Forward - 60:00
Defense - 60:00
|
% Time on Ice - Carnivores
Lines # - Real PCT - Wanted PCT - Time Play
Normal Forward
1 - 31% - 40% - 14:54
2 - 33% - 30% - 15:42
3 - 23% - 20% - 11:06
4 - 13% - 10% - 6:16
Normal Defense
1 - 36% - 40% - 17:08
2 - 36% - 30% - 17:13
3 - 25% - 20% - 11:56
4 - 4% - 10% - 1:41
PP Forward
1 - 65% - 60% - 6:29
2 - 35% - 40% - 3:34
PP Defense
1 - 61% - 60% - 6:05
2 - 39% - 40% - 3:58
PK Forward
1 - 80% - 60% - 1:35
2 - 20% - 40% - 0:24
PK Defense
1 - 61% - 60% - 1:12
2 - 39% - 40% - 0:47
PK3 Forward
1 - 0% - 60%
2 - 0% - 40%
PK3 Defense
1 - 0% - 60%
2 - 0% - 40%
44 Forward
1 - 0% - 60%
2 - 0% - 40%
44 Defense
1 - 0% - 60%
2 - 0% - 40%
Last Minute Offensive - 0:00
Last Minute Defensive - 0:00
Total
Forward - 60:00
Defense - 60:00
|
Play by Play
1st period
0:01 of 1st period - Richard Park wins face-off versus Mike Zigomanis in neutral zone.
0:16 of 1st period - Snap shot by Richard Park.
0:16 of 1st period - Deflect By Jeff Friesen.
0:16 of 1st period - Shot Blocked by Philippe Boucher.
0:16 of 1st period - Puck is out of play.
0:17 of 1st period - Kevin Veilleux wins face-off versus Jeff Halpern in Wolves zone.
0:24 of 1st period - Wrist shot by Geoff Sanderson.
0:24 of 1st period - Stopped by Josh Tordjman without a rebound.
0:25 of 1st period - Kevin Veilleux wins face-off versus Brandon Yip in Carnivores zone.
0:35 of 1st period - Minor Penalty to Matt Gilroy for Interference.
0:36 of 1st period - Chris Neil wins face-off versus Matt Cullen in Wolves zone.
1:05 of 1st period - Off-side.
1:06 of 1st period - Milan Bartovic wins face-off versus Matt Cullen in neutral zone.
1:11 of 1st period - Wrist shot by Milan Bartovic.
1:11 of 1st period - Shot Blocked by Alexei Zhitnik.
1:13 of 1st period - Wrist shot by Ethan Moreau.
1:13 of 1st period - Shot Blocked by Andrew Ference.
1:15 of 1st period - Wrist shot by Ethan Moreau.
1:15 of 1st period - Deflect By Milan Bartovic.
1:15 of 1st period - Shot Misses the Net.
1:15 of 1st period - Puck is out of play.
1:16 of 1st period - Chris Neil wins face-off versus Matt Cullen in Carnivores zone.
1:32 of 1st period - Off-side.
1:33 of 1st period - Jeff Halpern wins face-off versus Chris Neil in neutral zone.
1:38 of 1st period - Chris Neil is hit by Jeff Halpern and loses puck.
1:47 of 1st period - Snap shot by Jeff Tambellini.
1:47 of 1st period - Deflect By Brandon Yip.
1:47 of 1st period - Shot Misses the Net.
1:47 of 1st period - Puck is out of play.
1:48 of 1st period - Matt Cullen wins face-off versus Milan Bartovic in Wolves zone.
1:49 of 1st period - Wrist shot by Richard Park.
1:49 of 1st period - Shot Misses the Net.
1:53 of 1st period - Snap shot by Richard Park.
1:53 of 1st period - Shot Hit the Post.
2:35 of 1st period - Penalty to Matt Gilroy is over, Matt Gilroy is back on ice.
2:56 of 1st period - Vyacheslav Kozlov is hit by Blake Geoffrion and loses puck.
3:07 of 1st period - Jeff Tambellini is hit by Chris Neil and loses puck.
3:20 of 1st period - Wrist shot by David Van Der Gulik.
3:20 of 1st period - Stopped by Julien Ellis with a rebound.
3:22 of 1st period - Snap shot by Matt Cullen.
3:22 of 1st period - Shot Misses the Net.
3:24 of 1st period - Slapshot by Josef Melichar.
3:24 of 1st period - Shot Misses the Net.
3:26 of 1st period - Slapshot by Keith Aulie.
3:26 of 1st period - Stopped by Julien Ellis with a rebound.
3:28 of 1st period - Slapshot by Josef Melichar.
3:28 of 1st period - Deflect By Ethan Moreau.
3:28 of 1st period - Stopped by Julien Ellis without a rebound.
3:29 of 1st period - Matt Cullen wins face-off versus Mike Zigomanis in Wolves zone.
3:34 of 1st period - Snap shot by Richard Park.
3:34 of 1st period - Stopped by Julien Ellis with a rebound.
3:42 of 1st period - Snap shot by Matt Cullen.
3:42 of 1st period - Stopped by Julien Ellis with a rebound.
4:59 of 1st period - Slapshot by Janne Niinimaa.
4:59 of 1st period - Stopped by Julien Ellis without a rebound.
5:00 of 1st period - Cal O'Reilly wins face-off versus Stefan Chaput in Wolves zone.
5:19 of 1st period - Snap shot by Alexander Perezhogin.
5:19 of 1st period - Stopped by Josh Tordjman without a rebound.
5:20 of 1st period - Mike Zigomanis wins face-off versus Jeff Halpern in Carnivores zone.
6:01 of 1st period - Icing by Richard Park.
6:02 of 1st period - Matt Cullen wins face-off versus Petr Kalus in Carnivores zone.
6:13 of 1st period - Slapshot by Janne Niinimaa.
6:13 of 1st period - Shot Blocked by Marc Methot.
6:15 of 1st period - Slapshot by Ryan Mcdonagh.
6:15 of 1st period - Stopped by Julien Ellis with a rebound.
6:49 of 1st period - Snap shot by Chris Neil.
6:49 of 1st period - Shot Misses the Net.
7:09 of 1st period - Matt Cullen is hit by Matt Gilroy and loses puck.
8:14 of 1st period - Wrist shot by Mike Zigomanis.
8:14 of 1st period - Shot Blocked by Ryan Mcdonagh.
8:16 of 1st period - Snap shot by Alexander Perezhogin.
8:16 of 1st period - Goal by Alexander Perezhogin - Wolves : 1 - Carnivores : 0.
8:17 of 1st period - Matt Cullen wins face-off versus Kevin Veilleux in neutral zone.
8:21 of 1st period - Off-side.
8:22 of 1st period - Matt Cullen wins face-off versus Kevin Veilleux in neutral zone.
9:38 of 1st period - Snap shot by Cody McLeod.
9:38 of 1st period - Shot Misses the Net.
9:59 of 1st period - Off-side.
10:00 of 1st period - Mike Zigomanis wins face-off versus Manny Malhotra in neutral zone.
10:09 of 1st period - Snap shot by Vyacheslav Kozlov.
10:09 of 1st period - Stopped by Josh Tordjman with a rebound.
10:25 of 1st period - Chris Neil is hit by Keith Aulie and loses puck.
10:33 of 1st period - Minor Penalty to Matt Gilroy for Interference.
10:34 of 1st period - Matt Cullen wins face-off versus Chris Neil in Wolves zone.
10:37 of 1st period - Wrist shot by Matt Cullen.
10:37 of 1st period - Stopped by Julien Ellis with a rebound.
10:39 of 1st period - Snap shot by Ryan Mcdonagh.
10:39 of 1st period - Shot Misses the Net.
10:41 of 1st period - Snap shot by Ryan Mcdonagh.
10:41 of 1st period - Shot Blocked by Willie Mitchell.
12:11 of 1st period - Mike Zigomanis is hit by Brandon Yip and loses puck.
12:33 of 1st period - Penalty to Matt Gilroy is over, Matt Gilroy is back on ice.
12:56 of 1st period - Andy Miele is hit by Milan Bartovic and loses puck.
14:32 of 1st period - Ryan Mcdonagh is hit by Chris Neil and loses puck.
14:50 of 1st period - Wrist shot by Milan Bartovic.
14:50 of 1st period - Stopped by Josh Tordjman without a rebound.
14:51 of 1st period - Stefan Chaput wins face-off versus Matt Cullen in Carnivores zone.
14:54 of 1st period - Snap shot by Milan Bartovic.
14:54 of 1st period - Stopped by Josh Tordjman without a rebound.
14:55 of 1st period - Mike Zigomanis wins face-off versus Matt Cullen in Carnivores zone.
15:04 of 1st period - Slapshot by Matt Cullen.
15:04 of 1st period - Stopped by Julien Ellis with a rebound.
15:06 of 1st period - Slapshot by Josef Melichar.
15:06 of 1st period - Deflect By Matt Cullen.
15:06 of 1st period - Shot Misses the Net.
15:06 of 1st period - Puck is out of play.
15:07 of 1st period - Mike Zigomanis wins face-off versus Matt Cullen in Wolves zone.
15:32 of 1st period - Willie Mitchell is hit by Jeff Halpern and loses puck.
15:50 of 1st period - Chris Neil is hit by Brandon Yip and loses puck.
15:58 of 1st period - Icing by Willie Mitchell.
15:59 of 1st period - Kevin Veilleux wins face-off versus Manny Malhotra in Wolves zone.
16:09 of 1st period - Slapshot by Alexander Perezhogin.
16:09 of 1st period - Stopped by Josh Tordjman with a rebound.
16:15 of 1st period - Snap shot by Alexander Perezhogin.
16:15 of 1st period - Stopped by Josh Tordjman without a rebound.
16:16 of 1st period - Richard Park wins face-off versus Petr Kalus in Carnivores zone.
16:16 of 1st period - Richard Park is hit by Ethan Moreau.
16:50 of 1st period - Slapshot by Mike Zigomanis.
16:50 of 1st period - Goal by Mike Zigomanis - Wolves : 2 - Carnivores : 0.
16:51 of 1st period - Matt Cullen wins face-off versus Mike Zigomanis in neutral zone.
17:06 of 1st period - Snap shot by Matt Cullen.
17:06 of 1st period - Stopped by Julien Ellis with a rebound.
17:11 of 1st period - Icing by Alexander Perezhogin.
17:12 of 1st period - Mike Zigomanis wins face-off versus Jeff Halpern in Wolves zone.
17:19 of 1st period - Snap shot by Alexander Perezhogin.
17:19 of 1st period - Shot Misses the Net.
17:26 of 1st period - Icing by Jeff Halpern.
17:27 of 1st period - Jeff Halpern wins face-off versus Kevin Veilleux in Carnivores zone.
17:37 of 1st period - Snap shot by Geoff Sanderson.
17:37 of 1st period - Stopped by Josh Tordjman with a rebound.
18:28 of 1st period - Slapshot by Jason King.
18:28 of 1st period - Stopped by Josh Tordjman with a rebound.
19:49 of 1st period - Off-side.
19:50 of 1st period - Petr Kalus wins face-off versus Jeff Halpern in neutral zone.
19:59 of 1st period - Wrist shot by Jason King.
19:59 of 1st period - Stopped by Josh Tordjman without a rebound.
2nd period
0:01 of 2nd period - Mike Zigomanis wins face-off versus Matt Cullen in neutral zone.
0:16 of 2nd period - Wrist shot by Jeff Friesen.
0:16 of 2nd period - Stopped by Julien Ellis without a rebound.
0:17 of 2nd period - Jeff Halpern wins face-off versus Kevin Veilleux in Wolves zone.
0:20 of 2nd period - Snap shot by Jeff Halpern.
0:20 of 2nd period - Stopped by Julien Ellis without a rebound.
0:21 of 2nd period - Jeff Halpern wins face-off versus Kevin Veilleux in Wolves zone.
0:24 of 2nd period - Slapshot by Brandon Yip.
0:24 of 2nd period - Stopped by Julien Ellis without a rebound.
0:25 of 2nd period - Jeff Halpern wins face-off versus Kevin Veilleux in Wolves zone.
0:32 of 2nd period - Snap shot by Jeff Halpern.
0:32 of 2nd period - Stopped by Julien Ellis with a rebound.
0:56 of 2nd period - Snap shot by Mike Zigomanis.
0:56 of 2nd period - Deflect By Alexander Perezhogin.
0:56 of 2nd period - Stopped by Josh Tordjman with a rebound.
0:58 of 2nd period - Slapshot by Mike Zigomanis.
0:58 of 2nd period - Shot Misses the Net.
1:00 of 2nd period - Snap shot by Matt Gilroy.
1:00 of 2nd period - Shot Blocked by Matt Cullen.
1:02 of 2nd period - Snap shot by Mike Zigomanis.
1:02 of 2nd period - Stopped by Josh Tordjman with a rebound.
1:12 of 2nd period - Snap shot by Ethan Moreau.
1:12 of 2nd period - Stopped by Josh Tordjman with a rebound.
1:32 of 2nd period - Slapshot by Brandon Yip.
1:32 of 2nd period - Shot Misses the Net.
1:34 of 2nd period - Snap shot by Jeff Tambellini.
1:34 of 2nd period - Shot Misses the Net.
1:50 of 2nd period - Geoff Sanderson is hit by Andrew Ference and loses puck.
2:11 of 2nd period - Wrist shot by Blake Geoffrion.
2:11 of 2nd period - Shot Misses the Net.
2:38 of 2nd period - Marc-André Gragnani is hit by Jeff Tambellini and loses puck.
3:19 of 2nd period - Snap shot by Geoff Sanderson.
3:19 of 2nd period - Stopped by Josh Tordjman with a rebound.
5:32 of 2nd period - Snap shot by Geoff Sanderson.
5:32 of 2nd period - Shot Blocked by Janne Niinimaa.
5:34 of 2nd period - Slapshot by Jonas Junland.
5:34 of 2nd period - Stopped by Josh Tordjman with a rebound.
5:44 of 2nd period - Marc Methot is hit by Blake Geoffrion and loses puck.
5:51 of 2nd period - Snap shot by Vyacheslav Kozlov.
5:51 of 2nd period - Shot Misses the Net.
6:22 of 2nd period - Off-side.
6:23 of 2nd period - Kevin Veilleux wins face-off versus Manny Malhotra in neutral zone.
6:26 of 2nd period - Snap shot by Chris Neil.
6:26 of 2nd period - Stopped by Josh Tordjman without a rebound.
6:27 of 2nd period - Kevin Veilleux wins face-off versus Manny Malhotra in Carnivores zone.
6:32 of 2nd period - Slapshot by Geoff Sanderson.
6:32 of 2nd period - Stopped by Josh Tordjman with a rebound.
6:49 of 2nd period - Minor Penalty to Marc Methot for High sticking.
6:50 of 2nd period - Chris Neil wins face-off versus Matt Cullen in Wolves zone.
6:50 of 2nd period - Chris Neil is hit by Matt Cullen.
7:05 of 2nd period - Wrist shot by Richard Park.
7:05 of 2nd period - Shot Blocked by Willie Mitchell.
8:49 of 2nd period - Penalty to Marc Methot is over, Marc Methot is back on ice.
8:57 of 2nd period - Mike Zigomanis is hit by Manny Malhotra and loses puck.
10:46 of 2nd period - Marc Methot is hit by Andrew Ference and loses puck.
10:57 of 2nd period - Manny Malhotra is hit by Marc Methot and loses puck.
11:02 of 2nd period - Slapshot by Philippe Boucher.
11:02 of 2nd period - Shot Misses the Net.
11:47 of 2nd period - Snap shot by Jason King.
11:47 of 2nd period - Goal by Jason King - Wolves : 3 - Carnivores : 0.
11:48 of 2nd period - Mike Zigomanis wins face-off versus Jeff Halpern in neutral zone.
12:03 of 2nd period - Janne Niinimaa is hit by Vyacheslav Kozlov.
12:32 of 2nd period - Snap shot by Jason King.
12:32 of 2nd period - Shot Misses the Net.
12:40 of 2nd period - Snap shot by Ethan Moreau.
12:40 of 2nd period - Stopped by Josh Tordjman without a rebound.
12:41 of 2nd period - Mike Zigomanis wins face-off versus Matt Cullen in Carnivores zone.
12:42 of 2nd period - Snap shot by Alexander Perezhogin.
12:42 of 2nd period - Stopped by Josh Tordjman with a rebound.
12:44 of 2nd period - Slapshot by Marc Methot.
12:44 of 2nd period - Stopped by Josh Tordjman without a rebound.
12:45 of 2nd period - Mike Zigomanis wins face-off versus Matt Cullen in Carnivores zone.
12:58 of 2nd period - Slapshot by Vyacheslav Kozlov.
12:58 of 2nd period - Stopped by Josh Tordjman with a rebound.
13:00 of 2nd period - Slapshot by Matt Gilroy.
13:00 of 2nd period - Deflect By Alexei Zhitnik.
13:00 of 2nd period - Goal by Matt Gilroy - Wolves : 4 - Carnivores : 0.
13:01 of 2nd period - Matt Cullen wins face-off versus Mike Zigomanis in neutral zone.
13:11 of 2nd period - Slapshot by Vyacheslav Kozlov.
13:11 of 2nd period - Shot Blocked by Janne Niinimaa.
13:31 of 2nd period - Slapshot by Andy Miele.
13:31 of 2nd period - Shot Blocked by Alexander Perezhogin.
13:33 of 2nd period - Slapshot by Andrew Ference.
13:33 of 2nd period - Shot Misses the Net.
14:26 of 2nd period - Jason King is hit by Josef Melichar and loses puck.
15:11 of 2nd period - Alexei Zhitnik is hit by Kevin Veilleux and loses puck.
15:30 of 2nd period - Snap shot by Andy Miele.
15:30 of 2nd period - Shot Misses the Net.
15:32 of 2nd period - Slapshot by Andrew Ference.
15:32 of 2nd period - Stopped by Julien Ellis with a rebound.
15:34 of 2nd period - Slapshot by Andrew Ference.
15:34 of 2nd period - Deflect By Blake Geoffrion.
15:34 of 2nd period - Stopped by Julien Ellis without a rebound.
15:35 of 2nd period - Petr Kalus wins face-off versus Manny Malhotra in Wolves zone.
16:00 of 2nd period - Matt Cullen is hit by Vyacheslav Kozlov and loses puck.
16:45 of 2nd period - Wrist shot by Matt Cullen.
16:45 of 2nd period - Goal by Matt Cullen - Wolves : 4 - Carnivores : 1.
16:46 of 2nd period - Mike Zigomanis wins face-off versus Matt Cullen in neutral zone.
17:01 of 2nd period - Off-side.
17:02 of 2nd period - Geoff Sanderson wins face-off versus Jeff Halpern in neutral zone.
17:05 of 2nd period - Slapshot by Philippe Boucher.
17:05 of 2nd period - Stopped by Josh Tordjman with a rebound.
17:28 of 2nd period - Alexander Perezhogin is hit by Jeff Friesen and loses puck.
17:33 of 2nd period - Snap shot by Richard Park.
17:33 of 2nd period - Deflect By Alexander Perezhogin.
17:33 of 2nd period - Shot Blocked by Vyacheslav Kozlov.
17:33 of 2nd period - Puck is out of play.
17:34 of 2nd period - Mike Zigomanis wins face-off versus Jeff Friesen in Wolves zone.
17:34 of 2nd period - Mike Zigomanis is hit by Matt Cullen.
17:46 of 2nd period - Snap shot by Vyacheslav Kozlov.
17:46 of 2nd period - Stopped by Josh Tordjman without a rebound.
17:47 of 2nd period - Matt Cullen wins face-off versus Mike Zigomanis in Carnivores zone.
17:49 of 2nd period - Minor Penalty to Philippe Boucher for Holding.
17:50 of 2nd period - Matt Cullen wins face-off versus Chris Neil in Wolves zone.
17:55 of 2nd period - Snap shot by Matt Cullen.
17:55 of 2nd period - Shot Misses the Net.
17:57 of 2nd period - Backhand shot by Ryan Mcdonagh.
17:57 of 2nd period - Goal by Ryan Mcdonagh - Wolves : 4 - Carnivores : 2.
17:58 of 2nd period - Mike Zigomanis wins face-off versus Matt Cullen in neutral zone.
18:11 of 2nd period - Snap shot by Mike Zigomanis.
18:11 of 2nd period - Shot Blocked by Ryan Mcdonagh.
18:13 of 2nd period - Snap shot by Philippe Boucher.
18:13 of 2nd period - Shot Blocked by Richard Park.
18:23 of 2nd period - Janne Niinimaa is hit by Chris Neil and loses puck.
19:41 of 2nd period - Icing by Matt Gilroy.
19:42 of 2nd period - Matt Cullen wins face-off versus Mike Zigomanis in Wolves zone.
3rd period
0:01 of 3rd period - Jeff Friesen wins face-off versus Mike Zigomanis in neutral zone.
0:10 of 3rd period - Wrist shot by Richard Park.
0:10 of 3rd period - Shot Blocked by Willie Mitchell.
0:47 of 3rd period - Icing by Willie Mitchell.
0:48 of 3rd period - Petr Kalus wins face-off versus Manny Malhotra in Wolves zone.
1:19 of 3rd period - Snap shot by Matt Cullen.
1:19 of 3rd period - Shot Misses the Net.
2:28 of 3rd period - Snap shot by Jeff Tambellini.
2:28 of 3rd period - Shot Misses the Net.
2:30 of 3rd period - Slapshot by Andrew Ference.
2:30 of 3rd period - Stopped by Julien Ellis without a rebound.
2:31 of 3rd period - Jeff Halpern wins face-off versus Mike Zigomanis in Wolves zone.
2:38 of 3rd period - Ryan Mcdonagh is hit by Alexander Perezhogin and loses puck.
3:01 of 3rd period - Slapshot by Janne Niinimaa.
3:01 of 3rd period - Stopped by Julien Ellis with a rebound.
3:03 of 3rd period - Slapshot by Ryan Mcdonagh.
3:03 of 3rd period - Shot Blocked by Kevin Veilleux.
3:19 of 3rd period - Jason King is hit by Jeff Tambellini.
3:25 of 3rd period - Snap shot by Jason King.
3:25 of 3rd period - Shot Misses the Net.
3:27 of 3rd period - Snap shot by Jason King.
3:27 of 3rd period - Goal by Jason King - Wolves : 5 - Carnivores : 2.
3:28 of 3rd period - Jeff Halpern wins face-off versus Mike Zigomanis in neutral zone.
3:33 of 3rd period - Slapshot by Janne Niinimaa.
3:33 of 3rd period - Stopped by Julien Ellis with a rebound.
3:35 of 3rd period - Snap shot by Jeff Halpern.
3:35 of 3rd period - Stopped by Julien Ellis without a rebound.
3:36 of 3rd period - Mike Zigomanis wins face-off versus Jeff Halpern in Wolves zone.
4:01 of 3rd period - Slapshot by Jeff Halpern.
4:01 of 3rd period - Stopped by Julien Ellis with a rebound.
4:03 of 3rd period - Wrist shot by Jeff Halpern.
4:03 of 3rd period - Shot Misses the Net.
4:05 of 3rd period - Wrist shot by Brandon Yip.
4:05 of 3rd period - Shot Misses the Net.
4:23 of 3rd period - Wrist shot by Brandon Yip.
4:23 of 3rd period - Stopped by Julien Ellis with a rebound.
4:25 of 3rd period - Slapshot by Janne Niinimaa.
4:25 of 3rd period - Shot Blocked by Philippe Boucher.
4:27 of 3rd period - Wrist shot by Jeff Halpern.
4:27 of 3rd period - Shot Misses the Net.
4:29 of 3rd period - Snap shot by Brandon Yip.
4:29 of 3rd period - Goal by Brandon Yip - Wolves : 5 - Carnivores : 3.
4:30 of 3rd period - Matt Cullen wins face-off versus Kevin Veilleux in neutral zone.
4:33 of 3rd period - Slapshot by Jeff Friesen.
4:33 of 3rd period - Stopped by Julien Ellis without a rebound.
4:34 of 3rd period - Matt Cullen wins face-off versus Kevin Veilleux in Wolves zone.
6:00 of 3rd period - Stefan Chaput is hit by Jeff Halpern and loses puck.
7:02 of 3rd period - Snap shot by Brandon Yip.
7:02 of 3rd period - Shot Blocked by Jason King.
7:12 of 3rd period - Ryan Mcdonagh is hit by Mike Zigomanis and loses puck.
7:55 of 3rd period - Stefan Chaput is hit by David Van Der Gulik and loses puck.
8:04 of 3rd period - Andrew Ference is hit by Milan Bartovic and loses puck.
8:09 of 3rd period - Wrist shot by Cody McLeod.
8:09 of 3rd period - Shot Misses the Net.
8:23 of 3rd period - Slapshot by Alexei Zhitnik.
8:23 of 3rd period - Shot Blocked by Milan Bartovic.
8:25 of 3rd period - Slapshot by Alexei Zhitnik.
8:25 of 3rd period - Stopped by Julien Ellis without a rebound.
8:26 of 3rd period - Mike Zigomanis wins face-off versus Jeff Friesen in Wolves zone.
8:26 of 3rd period - Mike Zigomanis is hit by Richard Park.
8:32 of 3rd period - Jeff Friesen is hit by Mike Zigomanis and loses puck.
8:34 of 3rd period - Minor Penalty to Keith Aulie for Goalie Interference.
8:35 of 3rd period - Vyacheslav Kozlov wins face-off versus Matt Cullen in Carnivores zone.
9:06 of 3rd period - Slapshot by Willie Mitchell.
9:06 of 3rd period - Stopped by Josh Tordjman with a rebound.
9:08 of 3rd period - Wrist shot by Geoff Sanderson.
9:08 of 3rd period - Stopped by Josh Tordjman with a rebound.
10:34 of 3rd period - Penalty to Keith Aulie is over, Keith Aulie is back on ice.
10:53 of 3rd period - Icing by Marc-André Gragnani.
10:54 of 3rd period - Manny Malhotra wins face-off versus Stefan Chaput in Wolves zone.
10:57 of 3rd period - Slapshot by Andy Miele.
10:57 of 3rd period - Stopped by Julien Ellis without a rebound.
10:58 of 3rd period - Cal O'Reilly wins face-off versus Vyacheslav Kozlov in Wolves zone.
11:20 of 3rd period - Minor Penalty to Kevin Veilleux for Tripping.
11:21 of 3rd period - Chris Neil wins face-off versus Matt Cullen in Wolves zone.
11:35 of 3rd period - Off-side.
11:36 of 3rd period - Matt Cullen wins face-off versus Chris Neil in neutral zone.
11:48 of 3rd period - Off-side.
11:49 of 3rd period - Chris Neil wins face-off versus Matt Cullen in neutral zone.
11:58 of 3rd period - Wrist shot by Jason King.
11:58 of 3rd period - Shot Misses the Net.
12:04 of 3rd period - Slapshot by Chris Neil.
12:04 of 3rd period - Deflect By Jason King.
12:04 of 3rd period - Goal by Jason King - Wolves : 6 - Carnivores : 3.
12:05 of 3rd period - Chris Neil wins face-off versus Matt Cullen in neutral zone.
13:20 of 3rd period - Penalty to Kevin Veilleux is over, Kevin Veilleux is back on ice.
13:29 of 3rd period - Kevin Veilleux is hit by Blake Geoffrion and loses puck.
13:40 of 3rd period - Slapshot by Jonas Junland.
13:40 of 3rd period - Deflect By Kevin Veilleux.
13:40 of 3rd period - Shot Misses the Net.
13:40 of 3rd period - Puck is out of play.
13:41 of 3rd period - Mike Zigomanis wins face-off versus Cal O'Reilly in Carnivores zone.
14:06 of 3rd period - Willie Mitchell is hit by Jeff Halpern and loses puck.
14:18 of 3rd period - Philippe Boucher is hit by Jeff Tambellini.
14:38 of 3rd period - Geoff Sanderson is hit by Blake Geoffrion.
14:52 of 3rd period - Wrist shot by Cody McLeod.
14:52 of 3rd period - Stopped by Josh Tordjman without a rebound.
14:53 of 3rd period - Jeff Halpern wins face-off versus Cody McLeod in Carnivores zone.
14:53 of 3rd period - Jeff Halpern is hit by Cody McLeod.
15:23 of 3rd period - Snap shot by Milan Bartovic.
15:23 of 3rd period - Stopped by Josh Tordjman without a rebound.
15:24 of 3rd period - Matt Cullen wins face-off versus Mike Zigomanis in Carnivores zone.
15:24 of 3rd period - Matt Cullen is hit by Marc-André Gragnani.
15:27 of 3rd period - Icing by Andrew Ference.
15:28 of 3rd period - Mike Zigomanis wins face-off versus Matt Cullen in Carnivores zone.
16:19 of 3rd period - Slapshot by Philippe Boucher.
16:19 of 3rd period - Stopped by Josh Tordjman with a rebound.
16:25 of 3rd period - Wrist shot by Milan Bartovic.
16:25 of 3rd period - Shot Blocked by Alexei Zhitnik.
17:02 of 3rd period - Minor Penalty to Marc-André Gragnani for Hooking.
17:03 of 3rd period - Chris Neil wins face-off versus Matt Cullen in Wolves zone.
17:16 of 3rd period - Wrist shot by Matt Cullen.
17:16 of 3rd period - Shot Blocked by Jason King.
17:18 of 3rd period - Snap shot by Richard Park.
17:18 of 3rd period - Shot Misses the Net.
18:41 of 3rd period - Andrew Ference is hit by Marc Methot and loses puck.
19:02 of 3rd period - Penalty to Marc-André Gragnani is over, Marc-André Gragnani is back on ice.
19:28 of 3rd period - Wrist shot by Cody McLeod.
19:28 of 3rd period - Deflect By Marc-André Gragnani.
19:28 of 3rd period - Shot Misses the Net.
19:28 of 3rd period - Puck is out of play.
19:29 of 3rd period - Matt Cullen wins face-off versus Mike Zigomanis in Carnivores zone.
19:40 of 3rd period - Wrist shot by Matt Cullen.
19:40 of 3rd period - Stopped by Julien Ellis without a rebound.
19:41 of 3rd period - Mike Zigomanis wins face-off versus Matt Cullen in Wolves zone.
19:48 of 3rd period - Wrist shot by Jeff Friesen.
19:48 of 3rd period - Stopped by Julien Ellis with a rebound.
Output by the SimonT Hockey Simulator (STHS) for François Prévost -- Original Page W3C XHTML 1.0 Valid